Map: [ESL] Data-C

Players

ShoWTimE - Winner!

  • Race: Protoss Protoss
  • Spawn Location: 9:00

Serral

  • Race: Zerg Zerg
  • Spawn Location: 3:00

Event: HomeStory Cup XXII

VOD

Have the link to the VOD?

Description

Time

  • Played on: Dec. 17, 2022, 5:27 p.m.
  • Length: 20:02

All games in this series

Show
View Real Time Build Order
Export as new Build Order

ShoWTimE Protoss - Winner!

Build Orders: 1 Gate Expand, Oracle Opening, Zealot Archon, Archon Drop 

Get SALT Encoding   

  12  0:00  Probe  
  13  0:12  Probe  
  14  0:18  Pylon  
  14  0:24  Probe (Chrono Boost)  
  15  0:36  Probe (Chrono Boost)  
  15  0:39  Gateway  
  16  0:45  Probe (Chrono Boost)  
  16  0:47  Assimilator  
  17  0:50  Probe  
  18  1:03  Probe  
  19  1:15  Probe  
  20  1:25  Nexus  
  20  1:28  Probe  
  21  1:39  Cybernetics Core  
  21  1:44  Assimilator  
  21  1:47  Probe  
  22  1:54  Pylon  
  22  1:59  Probe  
  23  2:12  Probe (Chrono Boost)  
  23  2:15  Adept  
  26  2:17  Stargate  
  27  2:23  Probe (Chrono Boost)  
  27  2:25  Warp Gate  
  27  2:27  Probe (Chrono Boost)  
  28  2:37  Probe (Chrono Boost)  
  30  2:44  Probe (Chrono Boost)  
  30  2:45  Stalker  
  30  2:47  Probe (Chrono Boost)  
  34  2:51  Probe (Chrono Boost)  
  34  2:52  Probe (Chrono Boost)  
  35  3:00  Oracle (Chrono Boost)  
  35  3:02  Probe  
  35  3:03  Probe  
  40  3:09  Pylon  
  40  3:15  Probe  
  40  3:16  Probe  
  43  3:27  Oracle (Chrono Boost), Probe  
  43  3:28  Probe  
  47  3:39  Nexus  
  47  3:41  Probe  
  48  3:42  Probe  
  48  3:46  Pylon  
  49  3:51  Assimilator  
  49  3:52  Assimilator  
  49  3:54  Probe  
  50  4:01  Forge  
  50  4:03  Twilight Council  
  50  4:05  Probe  
  50  4:07  Probe  
  52  4:13  Robotics Facility  
  52  4:17  Probe  
  52  4:19  Probe  
  54  4:24  Protoss Ground Weapons Level 1 (Chrono Boost)  
  54  4:26  Pylon  
  54  4:29  Probe  
  54  4:31  Gateway  
  56  4:32  Charge (Chrono Boost)  
  56  4:33  Gateway  
  56  4:34  Probe  
  56  4:41  Probe  
  57  4:46  Probe  
  57  4:48  Adept  
  57  4:51  Probe  
  61  4:53  Probe  
  61  4:58  Gateway  
  61  4:59  Probe  
  63  5:04  Templar Archives  
  65  5:11  Probe, Gateway  
  66  5:15  Gateway  
  66  5:16  Probe  
  66  5:19  Warp Prism (Chrono Boost), Probe  
  66  5:24  Probe  
  66  5:27  Shield Battery  
  69  5:28  Probe  
  69  5:31  Probe  
  69  5:34  Pylon  
  71  5:36  Probe  
  71  5:40  Probe  
  71  5:41  High Templar x2  
  77  5:43  Probe  
  77  5:45  Pylon  
  77  5:48  Probe  
  79  5:51  Archon  
  79  5:55  Shield Battery  
  79  5:57  High Templar x2  
  79  6:02  Archon, Pylon  
  83  6:06  Probe x3  
  83  6:08  Assimilator  
  83  6:09  Zealot x2  
  90  6:12  Assimilator  
  89  6:20  Probe  
  89  6:21  Probe  
  87  6:28  Probe (Chrono Boost)  
  82  6:33  Probe (Chrono Boost)  
  82  6:34  Zealot x6  
  82  6:36  Probe (Chrono Boost)  
  94  6:40  Probe (Chrono Boost)  
  94  6:44  Probe (Chrono Boost)  
  94  6:46  Probe (Chrono Boost)  
  96  6:47  Probe (Chrono Boost)  
  96  6:48  Protoss Ground Weapons Level 2 (Chrono Boost)  
  96  6:49  Probe (Chrono Boost)  
  96  6:52  Photon Cannon  
  98  6:54  Probe  
  98  6:56  Probe  
  98  6:58  Shield Battery  
  101  7:01  Gateway  
  101  7:07  High Templar x3  
  109  7:09  Gateway, High Templar  
  109  7:10  Pylon  
  109  7:11  Archon  
  109  7:12  Archon, Pylon x2  
  108  7:23  Blink, Pylon  
  108  7:25  Nexus  
  108  7:29  Zealot x2  
  108  7:32  Probe x3  
  111  7:44  Probe x2  
  113  7:46  Probe  
  113  7:49  Photon Cannon  
  113  7:50  Shield Battery, High Templar x4  
  122  7:55  Archon  
  122  7:56  Zealot x3, Probe x2  
  122  7:57  Archon  
  129  7:58  Probe  
  129  8:02  Photon Cannon  
  129  8:08  Probe  
  129  8:09  Photon Cannon  
  129  8:11  Shield Battery  
  129  8:12  Pylon  
  130  8:17  Forge  
  130  8:20  Pylon  
  130  8:21  Assimilator  
  130  8:25  Assimilator  
  130  8:30  Probe  
  130  8:32  Robotics Bay  
  131  8:34  Robotics Facility  
  131  8:36  Observer (Chrono Boost)  
  131  8:37  Probe  
  133  8:42  Probe  
  133  8:46  High Templar x4  
  133  8:47  Zealot x4  
  150  8:52  Archon x2  
  150  8:53  Protoss Shields Level 1 (Chrono Boost)  
  150  8:57  Photon Cannon  
  150  8:59  Protoss Ground Weapons Level 3 (Chrono Boost)  
  150  9:00  Photon Cannon  
  150  9:05  Pylon  
  150  9:10  Zealot x4  
  158  9:21  Disruptor  
  158  9:22  Disruptor  
  164  9:29  Zealot x4  
  164  9:30  Nexus  
  172  9:40  Pylon  
  172  9:45  Zealot x4  
  180  9:58  Disruptor x2  
  184  10:00  Pylon  
  184  10:02  Pylon  
  184  10:05  High Templar x3  
  184  10:06  High Templar  
  170  10:10  Archon, Photon Cannon  
  170  10:11  Zealot x3, Archon  
  170  10:12  Zealot, Photon Cannon  
  170  10:14  Photon Cannon  
  178  10:16  Shield Battery  
  178  10:20  Assimilator  
  161  10:33  High Templar x3  
  161  10:34  Disruptor, High Templar  
  172  10:38  Gateway  
  172  10:39  Archon x2, Gateway  
  172  10:41  Gateway, Protoss Shields Level 2 (Chrono Boost)  
  164  10:45  Zealot x4  
  172  10:52  Gateway  
  172  10:53  Gateway  
  172  10:55  Nexus  
  172  10:57  Pylon  
  172  11:07  Zealot x8  
  172  11:09  Disruptor (Chrono Boost)  
  127  11:24  Probe x3  
  124  11:26  Disruptor (Chrono Boost)  
  124  11:27  Photon Cannon  
  124  11:29  Photon Cannon  
  123  11:38  High Templar x2  
  123  11:39  Zealot x2, High Templar x4  
  127  11:40  Protoss Ground Armor Level 1 (Chrono Boost)  
  127  11:44  Archon x2  
  127  11:45  Archon  
  127  11:48  Photon Cannon  
  127  11:50  Shield Battery  
  127  11:51  Zealot x5  
  137  12:02  Probe x2, Assimilator  
  137  12:03  Immortal (Chrono Boost), Probe  
  137  12:07  Assimilator  
  148  12:13  Immortal (Chrono Boost)  
  148  12:15  High Templar  
  150  12:16  High Templar  
  150  12:20  Zealot x3, Archon  
  150  12:21  Zealot x8  
  174  12:39  Nexus  
  174  12:41  Pylon  
  174  12:47  Stalker x10  
  179  12:57  Stalker x3  
  152  13:07  Immortal  
  144  13:14  Zealot x8  
  142  13:20  Photon Cannon  
  142  13:21  Probe x2  
  142  13:22  Probe  
  142  13:24  Probe  
  142  13:26  Stalker  
  142  13:27  Stalker  
  146  13:31  Probe  
  141  13:38  High Templar  
  141  13:39  High Templar x8  
  141  13:41  Probe x4  
  151  13:42  Archon  
  151  13:43  Archon x3, Probe  
  151  13:45  High Templar  
  142  13:53  Probe x4  
  142  13:54  Archon  
  142  13:55  Probe  
  145  14:02  Zealot, High Templar x2  
  149  14:05  Probe x4  
  149  14:06  Archon  
  149  14:07  Probe  
  156  14:17  Probe x3, High Templar x2  
  156  14:18  Zealot x5  
  156  14:22  Archon  
  156  14:24  Zealot x3  
  179  14:30  Stalker  
  180  14:39  Probe x3  
  180  14:44  Zealot x7  
  185  14:49  Nexus  
  180  14:55  Probe x3  
  182  15:01  Zealot x6  
  192  15:07  Photon Cannon  
  185  15:17  Probe  
  185  15:18  Probe  
  141  15:22  Stalker x3  
  141  15:23  Stalker x4  
  146  15:31  Probe, Stalker x2  
  146  15:32  Probe x4  
  133  15:43  Probe  
  133  15:44  Probe x4  
  132  15:51  High Templar x8  
  132  15:55  Probe  
  132  15:56  Probe  
  149  15:57  Archon x3  
  149  15:58  Archon  
  149  16:00  Probe x2  
  149  16:03  Zealot x4  
  159  16:08  Protoss Ground Armor Level 2 (Chrono Boost)  
  159  16:18  Protoss Shields Level 3 (Chrono Boost)  
  159  16:29  Zealot  
  159  16:30  Zealot x6  
  147  16:45  High Templar x3  
  147  16:46  Zealot x2, High Templar  
  149  16:50  Archon x2  
  149  16:51  Zealot x6  
  152  17:07  Nexus  
  152  17:11  Pylon  
  152  17:20  Zealot x3  
  152  17:21  Zealot x6  
  168  17:25  Stalker  
  170  17:40  Warp Prism  
  170  17:42  Stalker x4  
  148  17:54  High Templar x5  
  148  17:55  Zealot  
  148  18:00  Archon x2  
  148  18:01  High Templar  
  148  18:02  Zealot x2  
  142  18:06  Archon  
  136  18:20  Nexus  
  136  18:25  High Templar x4  
  144  18:27  Zealot x6  
  144  18:29  Archon  
  144  18:30  Archon  
  155  18:39  Probe x3  
  156  18:46  Zealot x3  
  156  18:47  Zealot  
  162  18:51  Zealot x2  
  156  18:57  Probe x2  
  146  19:09  Probe x2  
  148  19:10  Zealot x7  
  148  19:16  High Templar x4  
  154  19:17  Zealot x6  
  154  19:18  Probe  
  154  19:21  Disruptor  
  154  19:23  Archon x2  
  141  19:37  Zealot x5  
  141  19:38  Zealot  
  147  19:40  Zealot  
  144  19:45  Zealot x2  
  135  19:53  Zealot x3  
Show
View Real Time Build Order
Export as new Build Order

Serral Zerg 

Build Orders: Hatch First 

Get SALT Encoding   

  12  0:00  Drone  
  13  0:11  Overlord  
  13  0:16  Drone  
  14  0:30  Drone x2  
  16  0:48  Hatchery  
  15  0:51  Drone  
  15  0:54  Drone  
  17  0:58  Drone  
  18  1:08  Extractor  
  17  1:13  Spawning Pool  
  16  1:18  Drone  
  16  1:20  Drone  
  18  1:27  Drone  
  19  1:38  Drone  
  20  1:48  Overlord  
  20  2:00  Queen x2  
  25  2:01  Zergling x4  
  26  2:10  Drone  
  26  2:11  Drone  
  26  2:13  Metabolic Boost  
  28  2:21  Drone x2  
  30  2:35  Hatchery  
  29  2:39  Drone  
  29  2:40  Drone  
  31  2:46  Queen  
  31  2:51  Overlord  
  33  2:53  Drone  
  33  2:55  Drone  
  33  2:58  Drone  
  36  3:03  Overlord  
  36  3:09  Queen  
  36  3:10  Drone  
  36  3:12  Drone  
  40  3:14  Drone  
  40  3:16  Drone  
  40  3:19  Drone  
  44  3:20  Drone  
  44  3:25  Queen  
  46  3:31  Drone x2  
  48  3:38  Overlord  
  48  3:39  Drone  
  49  3:41  Drone x3  
  49  3:45  Evolution Chamber  
  51  3:51  Spore Crawler  
  51  3:53  Drone  
  50  3:56  Spore Crawler  
  50  3:57  Zergling x2  
  50  3:58  Zergling x2  
  50  4:01  Zergling x2, Queen  
  54  4:05  Zergling x2, Drone  
  54  4:06  Drone  
  54  4:07  Drone  
  58  4:11  Zerg Melee Weapons Level 1  
  58  4:15  Overlord  
  58  4:19  Drone  
  58  4:20  Zergling x2  
  58  4:21  Drone  
  58  4:22  Drone  
  58  4:23  Drone  
  60  4:27  Drone x2  
  62  4:33  Baneling Nest  
  62  4:34  Drone x2  
  62  4:36  Overlord  
  63  4:40  Drone x2  
  63  4:44  Drone x2  
  66  4:49  Extractor  
  66  4:50  Drone x3  
  68  4:55  Drone x4  
  68  4:56  Drone  
  73  5:03  Zergling x2  
  74  5:08  Zergling x4  
  74  5:09  Zergling x2, Hatchery  
  74  5:13  Zergling x4  
  78  5:15  Overlord  
  78  5:18  Overlord  
  78  5:20  Zergling x2  
  78  5:21  Zergling x4  
  81  5:24  Zergling x2  
  82  5:32  Overlord  
  82  5:36  Zergling x10  
  82  5:40  Baneling x9  
  82  5:41  Baneling x2  
  86  5:44  Zergling x18  
  95  5:50  Overlord  
  95  5:55  Zergling x4  
  92  6:00  Zergling x4  
  92  6:03  Zergling x2  
  95  6:06  Lair, Queen x2  
  95  6:09  Zergling x8  
  95  6:10  Baneling x2  
  95  6:11  Baneling  
  103  6:13  Zergling x10  
  103  6:22  Zergling x12  
  97  6:31  Queen  
  93  6:33  Drone  
  93  6:34  Roach Warren  
  93  6:38  Zergling x12  
  93  6:39  Zerg Missile Weapons Level 1  
  99  6:44  Baneling x3  
  99  6:45  Zergling x2  
  99  6:46  Zergling x12  
  105  6:50  Drone  
  105  6:52  Spore Crawler  
  102  6:57  Drone  
  102  6:58  Drone x4  
  107  7:01  Drone  
  107  7:04  Drone  
  107  7:05  Drone x2  
  107  7:06  Drone  
  112  7:09  Drone x6  
  112  7:14  Glial Reconstitution  
  118  7:15  Extractor  
  118  7:16  Extractor  
  118  7:20  Drone x3  
  116  7:23  Overlord  
  116  7:24  Drone x2  
  117  7:31  Roach  
  117  7:33  Baneling x5, Overlord x6  
  118  7:39  Extractor x2  
  118  7:41  Baneling  
  116  7:46  Roach x4  
  116  7:51  Drone x5  
  128  7:57  Drone  
  128  7:58  Drone x5  
  132  8:04  Evolution Chamber  
  131  8:06  Drone x3  
  131  8:08  Roach x9  
  152  8:15  Overlord  
  152  8:18  Centrifugal Hooks  
  152  8:22  Roach x3  
  152  8:23  Hatchery  
  152  8:27  Extractor  
  156  8:30  Drone x3  
  156  8:33  Zergling x18  
  166  8:36  Baneling x7  
  166  8:41  Drone x3, Extractor  
  169  8:43  Pneumatized Carapace  
  169  8:44  Overlord  
  169  8:45  Overlord  
  168  8:48  Zerg Melee Weapons Level 2  
  168  8:56  Zergling x16, Infestation Pit  
  175  9:05  Drone, Spine Crawler  
  175  9:06  Drone x2, Spine Crawler  
  175  9:07  Spine Crawler  
  174  9:12  Zerg Missile Weapons Level 2  
  174  9:14  Overseer  
  174  9:15  Spore Crawler  
  174  9:17  Drone x4  
  176  9:18  Zergling x8  
  176  9:24  Zergling x12  
  186  9:35  Baneling x7  
  186  9:39  Baneling  
  186  9:40  Baneling x9  
  186  9:41  Zergling x20  
  196  9:46  Hive  
  196  9:51  Zergling x14  
  198  9:59  Zergling x16  
  197  10:03  Drone x2  
  194  10:08  Zergling x10  
  194  10:11  Baneling  
  194  10:12  Baneling x12  
  199  10:27  Spire  
  189  10:29  Zergling x22  
  195  10:42  Spine Crawler  
  195  10:43  Baneling x16, Spine Crawler  
  195  10:44  Spine Crawler  
  195  10:47  Drone  
  193  10:54  Drone  
  193  10:55  Overseer  
  194  11:00  Baneling x9  
  194  11:01  Hatchery  
  192  11:06  Zergling x2  
  192  11:07  Zergling x44  
  192  11:09  Roach  
  192  11:10  Roach  
  165  11:14  Zergling x10  
  155  11:20  Zergling x14  
  156  11:26  Swarm Host  
  156  11:27  Roach x3  
  156  11:28  Roach  
  156  11:30  Baneling x5  
  159  11:36  Zergling x8  
  159  11:37  Zergling x4  
  157  11:52  Zerg Flyer Weapons Level 1  
  157  11:54  Hatchery  
  157  12:00  Mutalisk x8  
  157  12:01  Mutalisk  
  172  12:06  Mutalisk x3  
  180  12:12  Mutalisk x4  
  186  12:19  Baneling x11  
  186  12:20  Overlord x2  
  186  12:28  Baneling x6  
  186  12:29  Zergling x12  
  192  12:34  Baneling x11  
  189  12:39  Zergling x12  
  186  12:53  Zergling x32  
  173  13:05  Zergling x18  
  173  13:06  Zergling x10  
  166  13:19  Zergling x16  
  164  13:20  Zergling x2  
  164  13:23  Hatchery  
  163  13:27  Adrenal Glands  
  157  13:36  Zergling x20  
  157  13:37  Zergling x4  
  158  13:51  Drone x2  
  158  13:52  Drone  
  158  13:53  Drone x2  
  158  13:54  Drone  
  164  13:57  Drone x6  
  164  13:59  Roach x3  
  176  14:06  Ravager x2  
  178  14:10  Zerg Melee Weapons Level 3  
  178  14:13  Unknown  
  178  14:14  Zerg Ground Armor Level 1  
  177  14:19  Zergling x12  
  177  14:21  Hatchery  
  177  14:22  Greater Spire  
  182  14:25  Baneling x7  
  182  14:28  Baneling x8  
  182  14:29  Baneling  
  182  14:35  Baneling x10  
  182  14:36  Baneling x4  
  182  14:40  Zergling x18  
  186  14:49  Zergling x18  
  192  14:59  Baneling x8  
  192  15:04  Zergling x12  
  198  15:12  Zergling x16  
  198  15:13  Zergling x2  
  192  15:20  Zergling x14  
  180  15:24  Zergling x2  
  172  15:29  Zergling x2  
  172  15:30  Zergling x4  
  158  15:39  Zergling x8  
  158  15:42  Hatchery  
  159  15:43  Zergling x10  
  159  15:46  Hatchery  
  162  15:56  Zergling x8, Roach x2  
  168  16:07  Zergling x6, Roach x2  
  168  16:09  Roach x2  
  168  16:10  Roach x3  
  185  16:12  Baneling x6  
  185  16:15  Baneling x16  
  185  16:19  Zergling x6  
  185  16:24  Baneling x5  
  185  16:27  Zergling x6  
  185  16:31  Zergling x8  
  180  16:34  Zergling x2  
  180  16:37  Zergling x6  
  163  16:41  Zergling x6  
  162  16:51  Hatchery  
  161  16:54  Zergling x14  
  161  16:55  Zergling x4  
  161  17:00  Drone  
  161  17:01  Drone  
  171  17:06  Baneling x9  
  171  17:07  Zergling x10  
  176  17:15  Baneling  
  176  17:16  Baneling x5  
  176  17:18  Zergling x14  
  180  17:25  Zergling x14  
  178  17:40  Zergling x30  
  178  17:43  Zergling x4  
  167  17:59  Zergling x10  
  167  18:00  Zergling x2  
  154  18:07  Hatchery  
  154  18:09  Zergling x10  
  151  18:15  Zergling x8  
  153  18:25  Hatchery  
  148  18:30  Ravager x10  
  148  18:31  Ravager x3  
  159  18:39  Baneling x6  
  159  18:42  Zergling x8  
  161  18:52  Zergling x12  
  161  18:53  Zergling x2  
  155  19:05  Zergling x16  
  157  19:12  Zergling x8  
  160  19:21  Zergling x8  
  160  19:22  Hatchery  
  146  19:26  Zergling x6  
  132  19:32  Zergling x6  
  132  19:33  Zergling x2  
  122  19:40  Zergling x6  
Tags
 
Add a new tag
Caveats
  • Supply blocks, unpowered buildings, or Contaminate may cause inaccurate times.
  • Supply counts are checked every 10 seconds.